 Dungeon Crawl Stone Soup version 0.28-a0-461-g2dc4ca5097 (webtiles) character file.

Game seed: 2994058771998671550

61 Demosthentine the Poker (level 4, -1/34 HPs)
             Began as a Merfolk Gladiator on Sept 13, 2021.
             Slain by Grinder (4 damage)
             ... while paralysed by Grinder
             ... on level 3 of the Dungeon.
             The game lasted 00:01:19 (1750 turns).

Demosthentine the Poker (Merfolk Gladiator)         Turns: 1750, Time: 00:01:20

Health: -1/34      AC:  5    Str: 15    XL:     4   Next: 7%
Magic:  4/4        EV:  2    Int:  7    God:
Gold:   151        SH:  0    Dex: 15    Spells: 3/3 levels left

rFire   . . .      SeeInvis .   a - +0 trident
rCold   . . .      Faith    .   (no shield)
rNeg    . . .      Spirit   .   b - +0 leather armour
rPois   .          Reflect  .   c - +1 helmet
rElec   .          Harm     .   (no cloak)
rCorr   .          Rampage  .   (no gloves)
Will    .....                   (no boots)
Stlth   +.........              (no amulet)
HPRegen 0.11/turn               (no ring)
MPRegen 0.09/turn               (no ring)

@: paralysed
A: (nimble swimmer 2), mertail
a: no special abilities


You were on level 3 of the Dungeon.
You visited 1 branch of the dungeon, and saw 3 of its levels.

You collected 151 gold pieces.

Inventory:

Hand Weapons
 a - a +0 trident (weapon)
Missiles
 d - 3 throwing nets (quivered)
Armour
 b - a +0 leather armour (worn)
 c - a +1 helmet (worn)
Jewellery
 i - a ring of ice
Scrolls
 f - a scroll of teleportation
 g - a scroll of enchant armour
Potions
 e - 2 potions of attraction
 h - a potion of magic
 j - a potion of curing
 k - 2 potions of cancellation
 l - a potion of haste {unknown}
 m - a potion of lignification
 o - 3 potions of heal wounds {unknown}


   Skills:
 + Level 2.9 Fighting
 + Level 5.2 Polearms
 - Level 2.0 Throwing
 + Level 1.1 Armour
 + Level 4.7 Dodging


You had 3 spell levels left.
You didn't know any spells.
Your spell library was empty.

Dungeon Overview and Level Annotations

Branches:
Dungeon (3/15)

Altars:
Uskayaw

Annotations:
D:3 Grinder


Innate Abilities, Weirdness & Mutations

((You are quick and stealthy near water. (Stealth+, EV+, Speed+++)))
Your lower body shifts to a powerful aquatic tail in water.


Message History

Unknown command.
Unknown command.
You puncture Grinder!
Grinder is lightly wounded.
Grinder blinks!
Grinder rolls her eyes.
Reach: a) +0 trident
Press: ? - help, Dir - move target, f - Grinder
Aim: Grinder (lightly wounded, about 43% to evade your +0 trident)
You reach to attack!
You completely miss Grinder.
Grinder is lightly wounded.
Unknown command.
You hit Grinder but do no damage.
Grinder is lightly wounded.
Grinder hits you.
You writhe in agony.
You hit Grinder but do no damage.
Grinder is lightly wounded.
Grinder hits you but does no damage.
You hit Grinder.
Grinder is moderately wounded.
Grinder barely misses you.
You hit Grinder.
Grinder is moderately wounded.
Grinder hits you but does no damage.
You closely miss Grinder.
Grinder is moderately wounded.
Grinder hits you.
You writhe in agony.
It was a potion of curing.
You feel better. Grinder gestures at you. Pain shoots through your body!
* * * LOW HITPOINT WARNING * * *
It was a potion of cancellation.
You feel magically purged. Grinder gestures at you.
You suddenly lose the ability to move!
Grinder gestures at you.
You shrug off the repeated paralysis!
Grinder hits you.
* * * LOW HITPOINT WARNING * * *
You writhe in agony.
You die...

##.#.......#......####.#.###
#.).###....#'#...# #.#.#
.....# #....#.#...####.#.#
.......)......+...'....#.#
..............#...######.#
...#.#......#.#...# #.#
.#.#........#.#...# #.#
.#.#........#.#.5.# #.#
.#..........#...@.# #.#
#..#### #.. #.. #.. #.. #..
#..


You could see Grinder.

Vanquished Creatures
  A hound zombie (D:3)
  2 worms (D:2)
  3 orcs (D:3)
  An endoplasm (D:1)
  2 giant cockroaches
  3 goblins (D:1)
  3 hobgoblins
  A quokka (D:1)
  7 ball pythons
  2 bats (D:1)
  5 frilled lizards
  4 kobolds
  6 rats
40 creatures vanquished.

Notes
Turn   | Place    | Note
-------+----------+-------------------------------------------
     0 | D:1      | Demosthentine the Merfolk Gladiator began the quest for the
                  | Orb.
     0 | D:1      | Reached XP level 1. HP: 16/16 MP: 1/1
   155 | D:1      | Reached XP level 2. HP: 16/23 MP: 2/2
   995 | D:2      | Reached XP level 3. HP: 28/28 MP: 3/3
  1036 | D:2      | Found a hide-covered altar of Uskayaw.
  1090 | D:2      | Reached skill level 5 in Polearms
  1256 | D:2      | Found a faded altar of an unknown god.
  1465 | D:3      | Reached skill level 1 in Armour
  1638 | D:3      | Reached XP level 4. HP: 33/34 MP: 4/4
  1728 | D:3      | Noticed Grinder
  1736 | D:3      | Paralysed by Grinder for 3 turns
  1748 | D:3      | Paralysed by Grinder for 4 turns
  1750 | D:3      | Slain by Grinder

Illustrated notes

Levels and vault maps discovered:
D:1:      dpeg_arrival_pond, layout_loops_ring, minmay_split_cup_large
D:2:      layout_rooms, basic_altar, shapermc_ecumenical_altar_mp_highgroup
D:3:      layout_basic, vehumet_statue, mainiacjoe_overflow_six_doors_small,
          serial_undead, serial_undead_b, serial_undead_f, serial_undead_f,
          serial_undead_e, uniq_terence, uniq_grinder

Skill      XL: |  1  2  3 |
---------------+----------+-----
Polearms       | 5 |  5.2
Armour         | 1 |  1.1
Fighting       | |  2.9
Throwing       | |  2.0
Dodging        | |  4.7

Action                   |  1- 3 |  4- 6 || total
-------------------------+-------+-------++-------
Melee: Trident           |   126 |    17 ||   143
  Use: Scroll            |     6 |       ||     6
       Potion            |       |     2 ||     2
 Stab: Sleeping          |     1 |       ||     1
Armor: Leather armour    |    23 |     4 ||    27
Dodge: Dodged            |    79 |     4 ||    83

Table legend: (Time is in decaauts)
 A = Elapsed time spent in this place.
 B = Non-inter-level travel time spent in this place.
 C = Inter-level travel time spent in this place.
 D = Time resting spent in this place.
 E = Time spent auto-exploring this place.
 F = Levels seen in this place.
 G = Mean time per level.
                   A        B        C        D        E       F      G
               +--------+--------+--------+--------+--------+-----+--------+
         Total |   1758 |   1699 |     59 |     18 |   1383 |   3 |  586.0 |
       Dungeon |   1758 |   1699 |     59 |     18 |   1383 |   3 |  586.0 |
               +--------+--------+--------+--------+--------+-----+--------+

Top non-repeatable levels by time:
     D:1: 951 daAuts
     D:2: 470 daAuts
     D:3: 336 daAuts
